Map: Curious Minds LE

Players

StonedApe

  • Race: Terran Terran
  • League: Gold
  • Spawn Location: 5:00

Warthog - Winner!

  • Race: Terran Terran
  • League: Silver
  • Spawn Location: 11:00

VOD

Have the link to the VOD?

Description

Time

  • Played on: Oct. 19, 2021, 8:08 p.m.
  • Length: 6:38
Show
View Real Time Build Order
Export as new Build Order

StonedApe Terran 

Build Orders:  

Get SALT Encoding   

  12  0:00  SCV  
  13  0:15  SCV  
  13  0:20  Supply Depot  
  14  0:24  Refinery  
  14  0:35  SCV  
  15  0:43  Barracks  
  15  0:48  SCV  
  16  1:00  SCV  
  17  1:15  SCV  
  18  1:30  SCV  
  19  1:39  Command Center  
  19  1:55  Orbital Command  
  19  1:57  Marine  
  20  2:16  Factory  
  20  2:19  Supply Depot  
  20  2:20  Barracks Tech Lab  
  20  2:31  SCV  
  20  2:41  Marauder  
  20  2:43  SCV  
  22  2:55  Orbital Command  
  22  3:00  SCV  
  22  3:03  Hellion  
  25  3:13  Starport  
  25  3:14  Marine  
  26  3:21  SCV x2  
  28  3:28  Hellion  
  28  3:32  Marine  
  31  3:37  Bunker  
  31  3:40  SCV x2  
  33  3:44  Stimpack  
  33  3:49  Barracks  
  33  3:51  Medivac  
  33  3:54  Factory Tech Lab  
  35  3:59  Engineering Bay, Marine  
  36  4:04  SCV x2  
  38  4:12  Barracks  
  38  4:14  Refinery  
  38  4:20  Cyclone  
  41  4:36  Refinery  
  41  4:37  SCV x2  
  41  4:38  Marine  
  44  4:39  Refinery  
  44  4:48  Barracks Reactor  
  44  4:52  Starport Reactor  
  44  5:00  Barracks Tech Lab  
  44  5:03  Marine  
  44  5:04  Marine  
  46  5:27  Supply Depot  
  46  5:29  Engineering Bay  
  46  5:33  Command Center  
  46  5:37  Marine x2  
  46  5:38  SCV x2, Medivac, Hellion  
  54  5:48  Marine  
  55  5:54  Marine  
  55  5:56  Medivac  
  58  5:59  SCV x2  
  60  6:11  SCV x2  
  62  6:25  SCV  
Show
View Real Time Build Order
Export as new Build Order

Warthog Terran - Winner!

Build Orders:  

Get SALT Encoding   

  12  0:00  SCV  
  13  0:12  SCV  
  14  0:17  Supply Depot  
  14  0:24  SCV  
  15  0:39  SCV  
  15  0:40  Barracks  
  16  0:45  Refinery  
  16  0:54  SCV  
  17  1:06  SCV  
  18  1:18  SCV  
  19  1:29  Barracks Reactor  
  19  1:30  Orbital Command  
  19  1:45  Command Center  
  19  2:00  Supply Depot  
  19  2:02  SCV  
  19  2:05  Marine x2  
  22  2:14  SCV  
  23  2:24  Marine x2  
  23  2:26  SCV  
  26  2:39  Barracks  
  26  2:41  Barracks  
  26  2:47  SCV  
  26  2:49  Marine x2  
  29  2:58  Refinery  
  30  2:59  SCV  
  30  3:00  Orbital Command  
  30  3:09  Marine x2  
  30  3:11  SCV  
  33  3:23  SCV  
  33  3:26  SCV  
  35  3:28  Marine x2  
  35  3:29  Barracks Tech Lab x2  
  35  3:33  Factory  
  37  3:35  SCV  
  37  3:38  SCV  
  39  3:47  Supply Depot, SCV  
  40  3:50  SCV, Stimpack, Combat Shield  
  40  3:52  Marine  
  40  3:53  Marine  
  43  4:01  Marine x2  
  43  4:02  SCV  
  46  4:09  SCV  
  47  4:10  Marine  
  47  4:11  Marine  
  47  4:14  SCV  
  50  4:21  SCV  
  51  4:33  SCV x2  
  51  4:36  Marine  
  51  4:37  Starport  
  51  4:38  Factory Reactor  
  54  4:41  Supply Depot  
  54  4:42  Supply Depot  
  54  4:43  Supply Depot  
  54  5:02  Marine  
  54  5:03  SCV x2, Marauder x2  
  54  5:04  Supply Depot  
  54  5:05  Supply Depot  
  61  5:07  Supply Depot  
  61  5:09  Concussive Shells  
  61  5:15  SCV  
  61  5:17  Engineering Bay  
  62  5:24  Factory Tech Lab  
  62  5:26  Barracks  
  62  5:27  SCV x2  
  64  5:29  Supply Depot  
  64  5:30  Marauder x2, Marine  
  64  5:31  Supply Depot x2  
  64  5:32  Marine  
  70  5:39  SCV x2, Medivac  
  70  5:40  Medivac  
  76  5:48  Marine  
  76  5:49  Refinery  
  77  5:50  Refinery  
  77  5:51  SCV x2  
  79  5:57  Supply Depot  
  79  5:58  Supply Depot  
  79  6:02  Marauder x2  
  79  6:03  SCV  
  87  6:12  Barracks  
  87  6:16  Barracks Reactor  
Tags
 
Add a new tag
Caveats
  • Supply blocks, unpowered buildings, or Contaminate may cause inaccurate times.
  • Supply counts are checked every 10 seconds.